[Event "FIDE Womens Grand Swiss 2021"]
[Site "Riga"]
[Date "2021.10.29"]
[Round "3.8"]
[White "Abdumalik, Zhansaya"]
[Black "Buksa, Nataliya"]
[Result "1-0"]
[ECO "B31"]
[WhiteElo "2507"]
[BlackElo "2409"]
[Annotator "ChessBase"]
[PlyCount "109"]
[EventDate "2021.10.27"]
[EventType "swiss"]
[EventCountry "LAT"]
[Tiebreak "Cut1 Buchholz+Sonneborn-Berger (Swiss)"]
[SourceTitle "playchess.com"]
[Source "ChessBase"]
[SourceQuality "1"]
[TimeControl "40/6000+30:20/3000+30:900+30"]

1. e4 c5 2. Nf3 Nc6 3. Bb5 g6 4. O-O Bg7 5. Re1 e5 6. b4 Nxb4 7. Bb2 a6 8. a3 axb5 9. axb4 Rxa1 10. Bxa1 d6 11. bxc5 Ne7 12. Qe2 b4 13. Qc4 Qa5 14. cxd6 Nc6 15. d4 Qxa1 16. d5 Na7 17. Qc7 Bd7 18. Qxb7 Nc8 19. Qxb4 Qa6 20. c4 Nxd6 21. c5 Nc8 22. c6 Bg4 23. h3 Bxf3 24. Qb7 Qa7 25. Qxc8+ Ke7 26. Qb7+ Qxb7 27. cxb7 Bxg2 28. Kxg2 Rb8 29. Nd2 Rxb7 30. Ra1 f5 31. Ra6 Kd7 32. Nc4 Bh8 33. exf5 gxf5 34. Nd6 Rc7 35. Nxf5 e4 36. Rd6+ Kc8 37. Re6 Kd8 38. Rxe4 Rd7 39. Ne3 Bf6 40. f4 Ra7 41. Kf3 Ra3 42. Kg4 Rd3 43. h4 Bc3 44. Re6 Bd2 45. Rd6+ Ke8 46. Nc4 Bb4 47. Rb6 Bc5 48. Rb8+ Ke7 49. Rb7+ Ke8 50. Rxh7 Rd4 51. Ne5 Rxd5 52. Kf5 Rd1 53. h5 Kf8 54. h6 Bd4 55. Rd7 1-0

[Event "FIDE Womens Grand Swiss 2021"]
[Site "Riga"]
[Date "2021.10.29"]
[Round "3.13"]
[White "Assaubayeva, Bibisara"]
[Black "Munguntuul, Batkhuyag"]
[Result "1-0"]
[ECO "D12"]
[WhiteElo "2400"]
[BlackElo "2433"]
[Annotator "NA"]
[PlyCount "87"]
[EventDate "2021.10.27"]
[EventType "swiss"]
[EventCountry "LAT"]
[Tiebreak "Cut1 Buchholz+Sonneborn-Berger (Swiss)"]
[SourceTitle "playchess.com"]
[Source "ChessBase"]
[SourceQuality "1"]
[TimeControl "40/6000+30:20/3000+30:900+30"]

1. d4 d5 2. c4 c6 3. Nf3 Nf6 4. e3 Bf5 5. Nc3 e6 6. Nh4 Be4 7. f3 Bg6 8. Qb3 Qc7 9. Bd2 Be7 10. Nxg6 hxg6 11. O-O-O dxc4 12. Bxc4 b5 13. Be2 a6 14. Ne4 Nbd7 15. Kb1 c5 16. Nxc5 Nxc5 17. dxc5 Qxc5 18. h4 O-O 19. g4 Rfd8 20. e4 Qf2 21. Qe3 Bc5 22. Qxf2 Bxf2 23. h5 gxh5 $14 24. g5 Nd7 25. Rxh5 e5 26. Bc3 Be3 27. Rd3 Bc5 28. f4 b4 29. Bd2 g6 30. Rhh3 a5 31. f5 Nb6 32. a3 Rxd3 33. Rxd3 Rb8 34. axb4 axb4 35. f6 Bd4 36. Rh3 Na4 37. Bc1 Nc5 38. Bc4 Nxe4 39. Rh6 Nd6 40. Rxg6+ Kf8 41. Rh6 Ke8 42. Rh8+ Kd7 43. Rxb8 Nxc4 44. g6 1-0

[Event "FIDE Womens Grand Swiss 2021"]
[Site "Riga"]
[Date "2021.10.29"]
[Round "3.14"]
[White "Zawadzka, Jolanta"]
[Black "Socko, Monika"]
[Result "1-0"]
[ECO "C15"]
[WhiteElo "2428"]
[BlackElo "2397"]
[Annotator "NA"]
[PlyCount "71"]
[EventDate "2021.10.27"]
[EventType "swiss"]
[EventCountry "LAT"]
[Tiebreak "Cut1 Buchholz+Sonneborn-Berger (Swiss)"]
[SourceTitle "playchess.com"]
[Source "ChessBase"]
[SourceQuality "1"]
[TimeControl "40/6000+30:20/3000+30:900+30"]

1. e4 e6 2. d4 d5 3. Nc3 Bb4 4. exd5 exd5 5. Bd3 Nc6 6. Nf3 Bg4 7. O-O Nge7 8. h3 Bh5 9. a3 Bxc3 10. bxc3 Qd7 11. a4 h6 12. Re1 O-O-O 13.
Bb5 f6 14. Ba3 Bxf3 (14... Rde8 $16) 15. Qxf3 $18 Rhe8 16. Rxe7 Rxe7 17. Bxc6 bxc6 18. Qd3 Rde8 19.
Qa6+ Kd8 20. Bxe7+ Rxe7 21. Qxa7 Qf5 22. a5 Qxc2 23. Qb8+ Kd7 24. a6 Qxc3 25. Qb1 Re8 26. a7 Ra8 27. Ra4 Qd2 28. g3 Qe2 29.
Ra3 Kc8 30. Re3 Qh5 31. Qb4 Qf7 32. Rb3 Kd7 33. Qb8 Qh5 34.
Qxa8 Qd1+ 35. Kg2 Qxb3 36. Qf8 1-0

[Event "FIDE Womens Grand Swiss 2021"]
[Site "Riga"]
[Date "2021.10.29"]
[Round "3.15"]
[White "Bivol, Alina"]
[Black "Osmak, Iulija"]
[Result "1/2-1/2"]
[ECO "C07"]
[WhiteElo "2392"]
[BlackElo "2423"]
[Annotator "NA"]
[PlyCount "121"]
[EventDate "2021.10.27"]
[EventType "swiss"]
[EventCountry "LAT"]
[Tiebreak "Cut1 Buchholz+Sonneborn-Berger (Swiss)"]
[SourceTitle "playchess.com"]
[Source "ChessBase"]
[SourceQuality "1"]
[TimeControl "40/6000+30:20/3000+30:900+30"]

1. e4 e6 2. d4 d5 3. Nd2 c5 4. Ngf3 cxd4 5. Nxd4 Nc6 6. Bb5 Bd7 7. Nxc6 bxc6 8. Bd3 Bd6 9. Qe2 Qc7 10. c4 Nf6 11. h3 O-O 12. O-O Rab8 13.
exd5 cxd5 14. cxd5 Nxd5 15. Nc4 Bh2+ 16. Kh1 Nf4 17. Bxf4 Bxf4 $15 18. b3 e5 19. Ne3 Qb7 20. Rad1 Bxh3 21. Qh5 e4 22. Qxh3 exd3 23. Rxd3 Rbd8 24. Nf5 Qe4 25. Qg4 g6 26. Rf3 Qe2 27. Rg1 Bd2 28. Qh4 f6 29. Rh3 Rd7 30. Nd4 Qe5 31.
Nf3 Qf4 32. Rd1 Rfd8 33. Rxd2 Qxh4 34. Rxh4 Rxd2 35. Nxd2 Rxd2 36. Ra4 Rd7 37. Ra6 Kg7 38. b4 f5 39. Kh2 f4 40. a4 h5 41. g3 fxg3+ 42. fxg3 Kh6 43. Ra5 Rb7 44. b5 Re7 45. Kg2 Rf7 46.
Ra6 Kg5 47. Rc6 Rd7 48. Rc5+ Kg4 49. Rc4+ Kf5 50. Rc6 g5 51. Kf3 Rd3+ 52. Kf2 Kg4 53. Rc7 Rf3+ 54. Ke2 Rb3 55. Rxa7 Kxg3 56. Kd2 h4 57. Kc2 Rb4 58. Kc3 Rb1 59. Kc2 Rb4 60. Kc3 Rb1 61. Kc2 1/2-1/2

[Event "FIDE Womens Grand Swiss 2021"]
[Site "Riga"]
[Date "2021.10.29"]
[Round "3.16"]
[White "Atalik, Ekaterina"]
[Black "Arakhamia-Grant, Ketevan"]
[Result "0-1"]
[ECO "A45"]
[WhiteElo "2420"]
[BlackElo "2376"]
[Annotator "NA"]
[PlyCount "72"]
[EventDate "2021.10.27"]
[EventType "swiss"]
[EventCountry "LAT"]
[Tiebreak "Cut1 Buchholz+Sonneborn-Berger (Swiss)"]
[SourceTitle "playchess.com"]
[Source "ChessBase"]
[SourceQuality "1"]
[TimeControl "40/6000+30:20/3000+30:900+30"]

1. d4 Nf6 2. Bf4 c5 3. d5 b5 4. c4 g6 5. cxb5 a6 6. bxa6 d6 7. Nc3 Qb6 8. Bc1 Bxa6 9. g3 Bg7 10. Bg2 O-O 11. Nh3 Nbd7 12. O-O Bc4 13.
Qc2 Rfb8 14. Nf4 Ne5 15. h4 h6 16. Nd3 Nxd3 17. exd3 Ba6 18. b3 Ng4 19. Bb2 Bd4 20. Rad1 Ne5 21. Bc1 Bc8 22. Bxh6 Bg4 23. Ne2 Nf3+ 24. Kh1 Bf6 25. Be3 Qb4 26. Rb1 Kg7 27. Ng1 Nd4 28. Bxd4 Bxd4 29. Bf3 Bf6 30. Bxg4 Qxg4 31. a4 Rb4 32. Rfe1 Bxh4 33. Re4 Rxe4 34. dxe4 Bxg3 35. fxg3 Qxg3 36.
Qb2+ f6 0-1

[Event "FIDE Womens Grand Swiss 2021"]
[Site "Riga"]
[Date "2021.10.29"]
[Round "3.17"]
[White "Padmini, Rout"]
[Black "Vaishali R"]
[Result "1-0"]
[ECO "A06"]
[WhiteElo "2380"]
[BlackElo "2419"]
[Annotator "NA"]
[PlyCount "71"]
[EventDate "2021.10.27"]
[EventType "swiss"]
[EventCountry "LAT"]
[Tiebreak "Cut1 Buchholz+Sonneborn-Berger (Swiss)"]
[SourceTitle "playchess.com"]
[Source "ChessBase"]
[SourceQuality "1"]
[TimeControl "40/6000+30:20/3000+30:900+30"]

1. Nf3 d5 2. g3 Nc6 3. d4 Bf5 4. Bg2 Nb4 5. Na3 e6 6. O-O h6 7. c3 Nc6 8. Nb1 Nf6 9. c4 Be7 10. Nc3 O-O 11. Ne5 Nxe5 12. dxe5 Nd7 13. cxd5 Nxe5 14. dxe6 Bxe6 15. Bxb7 Rb8 16. Bg2 Nc4 17. Qc2 Bf6 18. Rb1 Qd4 19. Ne4 Be7 20. b3 Qb6 21. Nc3 Na3 22. Bxa3 Bxa3 23. Nd5 Bxd5 24. Bxd5 Rbd8 25. Rbd1 Rd6 26. Bc4 Rf6 27. Qe4 Bd6 28. a4 Qb8 29. Rd5 Re8 30. Qd3 Qc8 31. Kg2 Qb8 32. Rd1 Qb6 33. Rf5 Be7 34. Qe4 g6 35. Rxf6 Qxf6 36. Rd3 1-0

[Event "FIDE Womens Grand Swiss 2021"]
[Site "Riga"]
[Date "2021.10.29"]
[Round "3.18"]
[White "Maltsevskaya, Aleksandra"]
[Black "Lujan, Carolina"]
[Result "0-1"]
[ECO "B30"]
[WhiteElo "2411"]
[BlackElo "2340"]
[Annotator "NA"]
[PlyCount "74"]
[EventDate "2021.10.27"]
[EventType "swiss"]
[EventCountry "LAT"]
[Tiebreak "Cut1 Buchholz+Sonneborn-Berger (Swiss)"]
[SourceTitle "playchess.com"]
[Source "ChessBase"]
[SourceQuality "1"]
[TimeControl "40/6000+30:20/3000+30:900+30"]

1. e4 c5 2. Nf3 Nc6 3. Bb5 e6 4. O-O Nge7 5. Re1 a6 6. Bf1 d5 7. exd5 Nxd5 8. d4 Nf6 9. Be3 Qc7 10. Nc3 cxd4 11. Nxd4 Be7 12. Qf3 O-O 13. Rad1 Bd7 14. Nxc6 Bxc6 15. Qh3 b5 16. Bd3 b4 17. Bg5 h6 18. Bxh6 bxc3 19. Re3 Rfd8 20. Rg3 g6 21. Re1 Be4 22. bxc3 Rxd3 23. cxd3 Bf5 24. Qh4 Ne4 25. Bg5 Nxg5 26. Qd4 Rd8 27. Qa4 Qxc3 28. Rd1 Qd4 29. Qc2 Ne4 30. Re3 Nc3 31. Rde1 Bf6 32. h3 Nd5 33. Rf3 Nb4 34. Qc7 Nxd3 35. Rd1 Qc5 36. Qb7 Kg7 37. g4 Ne5 0-1

[Event "FIDE Womens Grand Swiss 2021"]
[Site "Riga"]
[Date "2021.10.29"]
[Round "3.20"]
[White "Vantika Agrawal"]
[Black "Divya Deshmukh"]
[Result "1-0"]
[ECO "D38"]
[WhiteElo "2322"]
[BlackElo "2305"]
[Annotator "NA"]
[PlyCount "69"]
[EventDate "2021.10.27"]
[EventType "swiss"]
[EventCountry "LAT"]
[Tiebreak "Cut1 Buchholz+Sonneborn-Berger (Swiss)"]
[SourceTitle "playchess.com"]
[Source "ChessBase"]
[SourceQuality "1"]
[TimeControl "40/6000+30:20/3000+30:900+30"]

1. d4 Nf6 2. c4 e6 3. Nf3 d5 4. Nc3 Bb4 5. Qa4+ Nc6 6. e3 O-O 7. Qc2 Re8 8.
Bd2 a6 9. a3 Bf8 10. Be2 h6 11. O-O dxc4 12. Bxc4 b5 13. Ba2 Bb7 14. Rfd1 b4 15. Na4 bxa3 16. bxa3 Na7 17. Nc5 Bxc5 18. Qxc5 Bxf3 19. gxf3 Nd7 20. Qh5 Nb5 21. Kh1 Qf6 22. Rg1 c5 23. a4 Nc7 24. dxc5 Nd5 25. Rac1 Ne5 26. Bxd5 exd5 27. Bc3 d4 28. exd4 Nd3 29. d5 Nxf2+ 30. Kg2 Qe7 31. Kxf2 Qe2+ 32. Kg3 Re3 33. Rge1 Qd3 34. Rxe3 Qxe3 35. Qe5 1-0

[Event "FIDE Womens Grand Swiss 2021"]
[Site "Riga"]
[Date "2021.10.29"]
[Round "3.21"]
[White "Kamalidenova, Meruert"]
[Black "Cramling, Pia"]
[Result "1/2-1/2"]
[ECO "B43"]
[WhiteElo "2339"]
[BlackElo "2447"]
[Annotator "NA"]
[PlyCount "139"]
[EventDate "2021.10.27"]
[EventType "swiss"]
[EventCountry "LAT"]
[Tiebreak "Cut1 Buchholz+Sonneborn-Berger (Swiss)"]
[SourceTitle "playchess.com"]
[Source "ChessBase"]
[SourceQuality "1"]
[TimeControl "40/6000+30:20/3000+30:900+30"]

1. e4 c5 2. Nf3 e6 3. d4 cxd4 4. Nxd4 a6 5. Nc3 Qc7 6. Bd3 Nf6 7. f4 d6 8. Qe2 Nbd7 9. g4 Nc5 10. g5 Nfd7 11. Be3 b5 12. Rg1 Nb6 13.
h4 b4 14. Nd1 e5 15. Nb3 Be7 16. Qf2 exf4 17. Qxf4 Ne6 18. Qf1 Nd7 $15 19. Nf2 Ne5 20. O-O-O O-O 21. Ng4 Nxg4 22. Rxg4 a5 23. Kb1 a4 24. Nd2 Nc5 25. Rf4 Be6 26. Bc4 Rac8 27. Bd5 a3 28. Bxc5 Qxc5 29. Qd3 axb2 30. Qb3 Bxd5 31. exd5 Rfe8 32. Rxb4 Qf2 33. Qf3 Qxf3 34. Nxf3 Bf8 35. Nd2 Re2 36. Re4 Rxe4 37. Nxe4 Rc4 38. Re1 Rd4 39. Kxb2 Rxd5 40. Nc3 Rc5 41. Kb3 h6 42. gxh6 gxh6 43. a4 f5 44. Nb5 Kf7 45. Rd1 d5 46. Rf1 Be7 47. Rxf5+ Kg6 48. Rf4 Kh5 49. Nc3 Bxh4 50. Rd4 Bf2 51. Rd2 Be1 52. Rxd5+ Rxd5 53. Nxd5 Kg5 54. Nc3 h5 55. a5 Kf5 56. a6 Bf2 57. Ne2 h4 58. Kc4 h3 59. Ng3+ Kg4 60.
Nh1 Ba7 61. Kb5 Kf3 62. c4 Kg2 63. c5 Bxc5 64. Kxc5 Kxh1 65. a7 h2 66. a8=Q+ Kg1 67. Qg8+ Kf2 68. Qf7+ Kg1 69. Qg6+ Kh1 70. Kd4 1/2-1/2

[Event "FIDE Womens Grand Swiss 2021"]
[Site "Riga"]
[Date "2021.10.29"]
[Round "3.22"]
[White "Milliet, Sophie"]
[Black "Eizaguerri Floris, Maria"]
[Result "1/2-1/2"]
[ECO "D37"]
[WhiteElo "2410"]
[BlackElo "2328"]
[Annotator "NA"]
[PlyCount "116"]
[EventDate "2021.10.27"]
[EventType "swiss"]
[EventCountry "LAT"]
[Tiebreak "Cut1 Buchholz+Sonneborn-Berger (Swiss)"]
[SourceTitle "playchess.com"]
[Source "ChessBase"]
[SourceQuality "1"]
[TimeControl "40/6000+30:20/3000+30:900+30"]

1. d4 d5 2. c4 e6 3. Nf3 Nf6 4. Nc3 Be7 5. Bf4 c6 6. e3 O-O 7. Qc2 Nbd7 8. h3 b6 9. cxd5 exd5 10. Bd3 Bb7 11. O-O Rc8 12. Ne5 h6 13.
Nxd7 Nxd7 14. Bf5 Ra8 15. Rfd1 Nf6 16. Rac1 Re8 17. e4 Nh5 18. Be3 Bg5 19. e5 Bxe3 20. fxe3 Qg5 21. Qf2 Bc8 22. Bxc8 Raxc8 23. Kh2 g6 24. Rf1 Qe7 25. e4 dxe4 26. Nxe4 Red8 27. g4 Ng7 28. Nf6+ Kf8 29. Nh7+ Kg8 30. Nf6+ Kf8 31. Qf4 g5 32. Qe4 Ne8 33. Qh7 Nxf6 34. Rxf6 Ke8 35. Qg8+ Qf8 36. Qxf8+ Kxf8 37. e6 Ke7 38. Rxf7+ Kxe6 39. Rxa7 Kd5 40. Rh7 Rd6 41. Rb7 Ra8 42. Rxb6 Rxa2 43. Rb4 Re6 44. Rc5+ Kd6 45. Rc2 Ra5 46. Rbc4 Kd5 47. Kg2 Rb5 48. b4 Rb8 49. Rc5+ Kxd4 50. R2c4+ Kd3 51. Rc3+ Kd4 52. Rxc6 Rxc6 53. Rxc6 Rxb4 54. Rxh6 Rb2+ 55. Kf3 Rb3+ 56.
Kf2 Rb2+ 57. Kf3 Rb3+ 58. Kf2 Rb2+ 1/2-1/2

[Event "FIDE Womens Grand Swiss 2021"]
[Site "Riga"]
[Date "2021.10.29"]
[Round "3.23"]
[White "Rogule, Laura"]
[Black "Cori T., Deysi"]
[Result "1-0"]
[ECO "A86"]
[WhiteElo "2289"]
[BlackElo "2382"]
[Annotator "NA"]
[PlyCount "87"]
[EventDate "2021.10.27"]
[EventType "swiss"]
[EventCountry "LAT"]
[Tiebreak "Cut1 Buchholz+Sonneborn-Berger (Swiss)"]
[SourceTitle "playchess.com"]
[Source "ChessBase"]
[SourceQuality "1"]
[TimeControl "40/6000+30:20/3000+30:900+30"]

1. d4 f5 2. c4 Nf6 3. g3 g6 4. Bg2 Bg7 5. Nc3 d6 6. d5 O-O 7. Nf3 c6 8. O-O e5 9. dxe6 Bxe6 10. b3 Na6 11. Be3 Qe7 12. Nd4 Bf7 13. Qd2 Rfe8 14. Bh6 Bh8 15. Rad1 Nc5 16. Qc1 Rad8 17. Bg5 Bg7 18. h4 Ne6 19. Nxe6 Qxe6 20. Rd3 Rc8 21. Qd2 Ng4 22. e4 Bxc3 23. Rxc3 fxe4 24. Bh3 h5 25. f3 exf3 26. Rcxf3 Rc7 27. Bxg4 Qxg4 28. Qf2 Qd7 29. Rf6 b5 30. Qc2 Qc8 31. Rxd6 bxc4 32. bxc4 Rd7 33. Rdf6 Qb8 34. Kh2 Qe5 35. R1f2 Re6 36. R6f3 Qe1 37. Bd2 Qe4 38. Qb3 Re8 39. Qb2 Qxc4 40. Bh6 Rd4 41. Rxf7 Rxh4+ 42. Kg2 Qd5+ 43. R7f3 Rd4 44. Qb7 1-0

[Event "FIDE Womens Grand Swiss 2021"]
[Site "Riga"]
[Date "2021.10.29"]
[Round "3.24"]
[White "Golsta, Madara"]
[Black "Houska, Jovanka"]
[Result "1/2-1/2"]
[ECO "B13"]
[WhiteElo "2003"]
[BlackElo "2381"]
[Annotator "NA"]
[PlyCount "118"]
[EventDate "2021.10.27"]
[EventType "swiss"]
[EventCountry "LAT"]
[Tiebreak "Cut1 Buchholz+Sonneborn-Berger (Swiss)"]
[SourceTitle "playchess.com"]
[Source "ChessBase"]
[SourceQuality "1"]
[TimeControl "40/6000+30:20/3000+30:900+30"]

1. e4 c6 2. d4 d5 3. exd5 cxd5 4. c4 Nf6 5. Nc3 Nc6 6. Nf3 Bg4 7. Be3 e6 8. c5 Be7 9. Bb5 O-O 10. h3 Bxf3 11. Qxf3 Nd7 12. O-O Bf6 13. Rfd1 g6 14. a3 Bg7 15. b4 a6 16. Bxc6 bxc6 17. a4 e5 18.
Rab1 Re8 19. Ne2 f5 20. b5 axb5 21. axb5 Qc8 22. bxc6 Qxc6 23. dxe5 Nxe5 24. Qxd5+ Qxd5 25. Rxd5 Nc4 26.
c6 Rac8 27. Rc5 Nxe3 28. fxe3 Rxe3 29. Kf1 Re6 30. c7 Kf7 31. Nf4 Re5 32. Rc6 g5 33. Rb8 Ree8 34. Rxc8 Rxc8 35. Nd5 Be5 36. Rh6 Kg7 37. Re6 Bg3 38. Rc6 h5 39. Ke2 h4 40. Kf3 Be5 41.
Re6 Bg3 42. Re7+ Kg6 43. Rd7 Kh5 44. Rd8 Rxc7 45. Nxc7 Bxc7 46. Rd5 Kg6 47. Rc5 Bg3 48. Rc6+ Kh5 49. Rc5 Kg6 50. Rb5 Bc7 51. Rb7 Bg3 52. Ra7 Kh6 53. Ra8 Kg6 54. Rg8+ Kf6 55. Ke3 Ke5 56. Rg6 Bf4+ 57. Kf3 Bd2 58. Rg8 Bf4 59. Ra8 Bd2 1/2-1/2

[Event "FIDE Womens Grand Swiss 2021"]
[Site "Riga"]
[Date "2021.10.29"]
[Round "3.25"]
[White "February, Jesse Nikki"]
[Black "Hoang, Thanh Trang"]
[Result "0-1"]
[ECO "C02"]
[WhiteElo "1857"]
[BlackElo "2380"]
[Annotator "NA"]
[PlyCount "71"]
[EventDate "2021.10.27"]
[EventType "swiss"]
[EventCountry "LAT"]
[Tiebreak "Cut1 Buchholz+Sonneborn-Berger (Swiss)"]
[SourceTitle "playchess.com"]
[Source "ChessBase"]
[SourceQuality "1"]
[TimeControl "40/6000+30:20/3000+30:900+30"]

1. e4 e6 2. d4 d5 3. e5 c5 4. c3 Qb6 5. Nf3 Bd7 6. a3 Bb5 7. b4 cxd4 8. Bxb5+ Qxb5 9. cxd4 Nd7 10. Nc3 Qc6 11. Bd2 Nb6 12. O-O Ne7 13. Qe2 Nc4 14. Rfc1 Nc8 15. a4 Qd7 16. Nd1 Be7 17. Ne3 Nxe3 18. fxe3 Nb6 19. e4 O-O 20. a5 dxe4 21. Qxe4 Nd5 22. Ra3 Rac8 23. Rxc8 Rxc8 24. Ng5 Bxg5 25. Bxg5 Qc6 26. Ra1 h6 27. Bd2 Qc2 28. Qe1 Qb2 29. Kh1 Qxd4 30. Rd1 Qg4 31. h3 Qg6 32. Rc1 Rc2 33. Rxc2 Qxc2 34. Kh2 a6 35. Kg1 Ne7 36. Qe3 0-1

[Event "FIDE Womens Grand Swiss 2021"]
[Site "Riga"]
[Date "2021.10.30"]
[Round "4.7"]
[White "Padmini, Rout"]
[Black "Kashlinskaya, Alina"]
[Result "0-1"]
[ECO "A05"]
[WhiteElo "2380"]
[BlackElo "2493"]
[Annotator "RC"]
[PlyCount "70"]
[EventDate "2021.10.27"]
[EventType "swiss"]
[EventCountry "LAT"]
[Tiebreak "Cut1 Buchholz+Sonneborn-Berger (Swiss)"]
[SourceTitle "playchess.com"]
[Source "ChessBase"]
[SourceQuality "1"]
[TimeControl "40/6000+30:20/3000+30:900+30"]

1. Nf3 Nf6 2. g3 g6 3. Bg2 Bg7 4. O-O c5 5. d3 Nc6 6. e4 d5 7. Nbd2 O-O 8. a4 e5 9. Re1 Re8 10. h3 h6 11. exd5 Nxd5 12. Nc4 Ndb4 13. Bd2 Rb8 14. Qc1 Kh7 15. a5 Qc7 16. Re4 g5 17. c3 Nxd3 18.
Qc2 f5 19. Qxd3 fxe4 20. Qxe4+ Kg8 21. h4 gxh4 22. Nxh4 Be6 23. Nf5 h5 24. a6 Rf8 25. Nxg7 Qxg7 26. axb7 Ne7 27. Ne3 Bd7 28. Ra6 Bb5 29. Re6 Rxf2 30. Nd5 Qxg3 31. Nxe7+ Kf7 32. Rf6+ Rxf6 33. c4 Kxe7 34. cxb5 Rg6 35. Be3 Qxg2+ 0-1

[Event "FIDE Womens Grand Swiss 2021"]
[Site "Riga"]
[Date "2021.10.30"]
[Round "4.8"]
[White "Arakhamia-Grant, Ketevan"]
[Black "Badelka, Olga"]
[Result "1/2-1/2"]
[ECO "C54"]
[WhiteElo "2376"]
[BlackElo "2438"]
[Annotator "NA"]
[PlyCount "133"]
[EventDate "2021.10.27"]
[EventType "swiss"]
[EventCountry "LAT"]
[Tiebreak "Cut1 Buchholz+Sonneborn-Berger (Swiss)"]
[SourceTitle "playchess.com"]
[Source "ChessBase"]
[SourceQuality "1"]
[TimeControl "40/6000+30:20/3000+30:900+30"]

1. e4 e5 2. Nf3 Nc6 3. Bc4 Bc5 4. c3 Nf6 5. d3 h6 6. Nbd2 d6 7. Bb3 O-O 8. h3 d5 9. O-O dxe4 10. dxe4 a5 11. a4 Qe7 12. Nh4 Be6 13.
Nf5 Bxf5 14. exf5 e4 15. Nc4 Ne5 16. Bf4 Nd3 17. Bg3 Qd7 18.
Ne3 Bd6 19. Bh4 Be5 20. Bxf6 Bxf6 21. Qg4 Nc5 22. Rad1 Qe7 23. Nd5 Qe5 24. f4 Qd6 25. Bc2 Rad8 26. Qe2 c6 27. Ne3 Nd3 28. Kh1 Rfe8 29. Ng4 h5 30. Nxf6+ Qxf6 31. Qxh5 Rd5 32. Qe2 Nxb2 33. Rxd5 cxd5 34. Qb5 Rc8 35. Qxb2 Qxc3 36. Qxc3 Rxc3 37. Bd1 d4 38. Kg1 e3 39. Re1 Rc1 40. Kf1 d3 41. Bf3 e2+ 42. Bxe2 dxe2+ 43. Kxe2 Rc4 44. Kf3 Rxa4 45. Rb1 Ra3+ 46. Kg4 a4 47. Rxb7 Rb3 48. Ra7 a3 49. Ra8+ Kh7 50. g3 f6 51. h4 Rc3 52. h5 Rb3 53.
Kh3 Rc3 54. Kh4 Rf3 55. Kg4 Rb3 56. Kh4 Rf3 57. h6 gxh6 58.
Ra7+ Kg8 59. g4 Rb3 60. Kh5 Rg3 61. Kh4 Rf3 62. Kh5 Rg3 63.
Kxh6 Rxg4 64. Rxa3 Kf7 65. Ra7+ Kf8 66. Kh5 Rg1 67. Ra8+ 1/2-1/2

[Event "FIDE Womens Grand Swiss 2021"]
[Site "Riga"]
[Date "2021.10.30"]
[Round "4.9"]
[White "Lujan, Carolina"]
[Black "Zawadzka, Jolanta"]
[Result "0-1"]
[ECO "B56"]
[WhiteElo "2340"]
[BlackElo "2428"]
[Annotator "NA"]
[PlyCount "74"]
[EventDate "2021.10.27"]
[EventType "swiss"]
[EventCountry "LAT"]
[Tiebreak "Cut1 Buchholz+Sonneborn-Berger (Swiss)"]
[SourceTitle "playchess.com"]
[Source "ChessBase"]
[SourceQuality "1"]
[TimeControl "40/6000+30:20/3000+30:900+30"]

1. e4 c5 2. Nf3 Nc6 3. d4 cxd4 4. Nxd4 Nf6 5. Nc3 d6 6. g3 g6 7. Bg2 Nxd4 8. Qxd4 Bg7 9. O-O O-O 10. Qd3 Nd7 11. Nd5 e6 12. Ne3 Nc5 13. Qe2 b6 14. e5 Ba6 15. c4 Bb7 16. Bxb7 Nxb7 17. exd6 Nxd6 18. Rb1 Ne4 19. Ng4 f5 20. f3 fxg4 21. Qxe4 gxf3 22. Qxe6+ Kh8 23. Bf4 Qd4+ 24. Be3 Qd3 25. Rbd1 Qe2 26. Rd2 Rae8 27. Rxe2 Rxe6 28. Ree1 Bxb2 29. Kf2 Kg8 30. h4 Bc3 31. Rd1 Re4 32. Rd7 Be5 33. Rxa7 Rxc4 34. Bxb6 Rc6 35. Re1 Rxb6 36. Rxe5 Rb2+ 37. Ke3 Re2+ 0-1

[Event "FIDE Womens Grand Swiss 2021"]
[Site "Riga"]
[Date "2021.10.30"]
[Round "4.10"]
[White "Sargsyan, Anna M."]
[Black "Vantika Agrawal"]
[Result "1/2-1/2"]
[ECO "B51"]
[WhiteElo "2402"]
[BlackElo "2322"]
[Annotator "ChessBase"]
[PlyCount "59"]
[EventDate "2021.10.27"]
[EventType "swiss"]
[EventCountry "LAT"]
[Tiebreak "Cut1 Buchholz+Sonneborn-Berger (Swiss)"]
[SourceTitle "playchess.com"]
[Source "ChessBase"]
[SourceQuality "1"]
[TimeControl "40/6000+30:20/3000+30:900+30"]

1. e4 c5 2. Nf3 d6 3. Bb5+ Nd7 4. O-O a6 5. Bd3 Ngf6 6. Re1 e6 7. c3 b5 8. Bc2 c4 9. b3 Qc7 10. Qe2 Be7 11. bxc4 bxc4 12. Na3 Nb6 13. Rb1 O-O 14. e5 Nfd5 15. exd6 Bxd6 16. Ne5 Bxe5 17. Qxe5 Qxe5 18. Rxe5 Bd7 19. d3 Bb5 20. dxc4 Nxc4 21. Rh5 g6 22. Rh3 Nxa3 23. Bxa3 Rfc8 24. Bb2 Bc4 25. Ra1 Rab8 26. Bc1 Be2 27. Bb3 Bc4 28. Bc2 Be2 29. Bb3 Bc4 30. Bc2 1/2-1/2

[Event "FIDE Womens Grand Swiss 2021"]
[Site "Riga"]
[Date "2021.10.30"]
[Round "4.12"]
[White "Shuvalova, Polina"]
[Black "Sukandar, Irine Kharisma"]
[Result "1/2-1/2"]
[ECO "C88"]
[WhiteElo "2509"]
[BlackElo "2406"]
[Annotator "ChessBase"]
[PlyCount "139"]
[EventDate "2021.10.27"]
[EventType "swiss"]
[EventCountry "LAT"]
[Tiebreak "Cut1 Buchholz+Sonneborn-Berger (Swiss)"]
[SourceTitle "playchess.com"]
[Source "ChessBase"]
[SourceQuality "1"]
[TimeControl "40/6000+30:20/3000+30:900+30"]

1. e4 e5 2. Nf3 Nc6 3. Bb5 a6 4. Ba4 Nf6 5. O-O Be7 6. Re1 b5 7. Bb3 O-O 8. a4 b4 9. d4 d6 10. dxe5 dxe5 11. Nbd2 Bc5 12. a5 Qe7 13. Bd5 Bb7 14. Nb3 Ba7 15. Bg5 Qd6 16. Bxf6 Qxf6 17. Qd3 Rad8 18. Qc4 Rfe8 19. h3 h6 20. Red1 Rd6 21. Rd3 Bc8 22. Rad1 Rf8 23. R1d2 g5 24. Nh2 Kg7 25. Rf3 Qg6 26. Ng4 h5 27. Ne3 g4 28. Nf5+ Kh8 29. hxg4 hxg4 30. Rg3 Bxf5 31. exf5 Qxf5 32. Qxg4 Qxg4 33. Rxg4 Nd4 34. Nxd4 Bxd4 35. Rd3 Rg6 36. Rh4+ Kg7 37. c3 bxc3 38. bxc3 Bc5 39. Be4 Be7 40. Rh5 Rg4 41. Bf5 Rg5 42. Rxg5+ Bxg5 43. Rd7 Rd8 44. Rxc7 Rd1+ 45. Kh2 Bd8 46. Rb7 Bxa5 47. c4 Rd6 48. Be4 Bb6 49. Bd5 Rh6+ 50. Kg3 Rg6+ 51. Kh3 Rh6+ 52. Kg4 Rg6+ 53. Kf5 Rf6+ 54. Kxe5 Bxf2 55. Rb3 a5 56. Ra3 Bb6 57. Rg3+ Rg6 58. Rf3 Bc7+ 59. Kd4 Bb6+ 60. Kc3 f6 61. Rd3 Rh6 62. Rd1 Rh8 63. Rb1 Bf2 64. Rb7+ Kg6 65. Rc7 Rh1 66. Be4+ Kg5 67. c5 Kf4 68. Bc2 Ke5 69. g4 Rg1 70. c6 1/2-1/2